 Dungeon Crawl Stone Soup version 0.29-a0-925-g0a7a3d12f8 (webtiles) character file.

Game seed: 1355244069417089123

1 Malachi the Gusty (level 1, 13/13 HPs)
             Began as a Palentonga Air Elementalist on July 29, 2022.
             Got out of the dungeon alive.
             The game lasted 00:00:11 (41 turns).

Malachi the Gusty (Palentonga Air Elementalist)       Turns: 41, Time: 00:00:12

Health: 13/13      AC:  4    Str: 11    XL:     1   Next: 16%
Magic:  2/3        EV:  9    Int: 15    God:
Gold:   0          SH:  0    Dex: 10    Spells: 3/4 levels left

rFire   . . .      SeeInvis +   (no weapon)
rCold   . . .      Faith    .   (no shield)
rNeg    . . .      Spirit   .   a - +0 robe
rPois   .          Reflect  .   (no helmet)
rElec   .          Harm     .   (no cloak)
rCorr   .          Rampage  .   (no gloves)
Will    .....                   (no barding)
Stlth   +.........              (no amulet)
HPRegen 0.04/turn               (no ring)
MPRegen 0.08/turn               (no ring)

@: no status effects
A: large, rugged brown scales 3, see invisible, deformed body, roll 1, armoured
tail
a: Rolling Charge


You escaped.
You visited 1 branch of the dungeon, and saw 1 of its levels.

Inventory:

Armour
 a - a +0 robe (worn)
Potions
 b - a potion of magic


   Skills:
 + Level 1.5 Dodging
 + Level 1.2 Stealth
 + Level 2.0 Spellcasting
 + Level 0.9 Conjurations
 + Level 2.4 Air Magic


You had 3 spell levels left.
You knew the following spells:

 Your Spells              Type           Power      Damage    Failure   Level
a - Shock                 Conj/Air       24%        1d4       11%         1

Your spell library contained the following spells:

 Spells                   Type           Power      Damage    Failure   Level
 Static Discharge         Conj/Air       6%         3-4/arc   17%         2
 Swiftness                Air            8%         N/A       24%         3
 Airstrike                Air            4%         0-3+      63%         4


Dungeon Overview and Level Annotations

Branches:
Dungeon (1/15)

Altars:


Innate Abilities, Weirdness & Mutations

You are completely covered in rugged brown scales. (AC +3, +7% HP)
You have supernaturally acute eyesight. (SInv)
Armour fits poorly on your strangely shaped body.
You can roll at nearby foes to attack.
You have a long armoured tail.


Message History

You miscast Shock.
You are very lightly contaminated with residual magic.
Nothing appears to happen.
Aiming: Shock (safe; 12% risk of failure)
Press: ? - help, Q - select action, (/) - cycle Shift-Dir - straight line, f/p - giant cockroach
Aim: a giant cockroach (64% to hit)
The zap hits the giant cockroach.
The giant cockroach is moderately wounded.
Unknown command.
Aiming: Shock (safe; 12% risk of failure)
Press: ? - help, Q - select action, (/) - cycle Shift-Dir - straight line, f/p - giant cockroach
Aim: a giant cockroach (moderately wounded, 64% to hit)
The zap hits the giant cockroach.
The giant cockroach is almost dead.
Unknown command.
You hit the giant cockroach but do no damage.
The giant cockroach is almost dead.
The giant cockroach splashes around in the water.
You barely miss the giant cockroach.
The giant cockroach is almost dead.
The giant cockroach bites you but does no damage.
You closely miss the giant cockroach.
The giant cockroach is almost dead.
The giant cockroach bites you but does no damage. x2
Your magical contamination has completely faded away.
You barely miss the giant cockroach.
The giant cockroach is almost dead.
The giant cockroach splashes around in the water.
You closely miss the giant cockroach.
Your tail-slap misses the giant cockroach.
The giant cockroach is almost dead.
The giant cockroach bites you but does no damage.
You hit the giant cockroach.
You kill the giant cockroach!
You see here a giant cockroach corpse.
You enter the shallow water.
Moving in this stuff is going to be slow.
There is a staircase leading out of the dungeon here.
Are you sure you want to leave the Dungeon?
This will make you lose the game!
You have escaped!

# ###.≈≈≈≈.######
#
#.#...≈...........
#.#.≈≈≈.##########
#...≈..........
#.≈≈≈.≈≈≈≈≈.###
#.≈...≈...≈...#
.#.≈.≈≈≈.≈.≈≈≈.#
≈...≈.....≈...≈..
≈≈≈.≈≈≈.@.≈≈≈.≈≈≈
..≈...≈.....≈...≈
#.≈≈≈.≈.≈≈≈.≈.#.≈
#...≈...≈...≈.#.≈
###.≈≈≈≈≈.≈≈≈.#
.........≈...#
######.≈≈≈.#.#
..≈...#.#


There were no monsters in sight!

Vanquished Creatures
  A giant cockroach (D:1)
1 creature vanquished.

Notes
Turn   | Place    | Note
-------+----------+-------------------------------------------
     0 | D:1      | Malachi the Palentonga Air Elementalist began the quest for
                  | the Orb.
     0 | D:1      | Reached XP level 1. HP: 13/13 MP: 3/3
    41 | D:$      | Got out of the dungeon alive.

Illustrated notes

Levels and vault maps discovered:
D:1:      psy_arrival_radial02, layout_basic,
          dreamdust_ecumenical_altar_drowned_temple, nicolae_grassy_gnolls

Action                   || total
-------------------------++-------
Melee: Unarmed           ||     6
 Cast: Shock             ||     2
Armor: Robe              ||     4

Table legend: (Time is in decaauts)
 A = Elapsed time spent in this place.
 B = Non-inter-level travel time spent in this place.
 C = Inter-level travel time spent in this place.
 D = Time resting spent in this place.
 E = Time spent auto-exploring this place.
 F = Levels seen in this place.
 G = Mean time per level.
                   A        B        C        D        E       F      G
               +--------+--------+--------+--------+--------+-----+--------+
         Total |     47 |     32 |     15 |      0 |     12 |   1 |   47.0 |
       Dungeon |     47 |     32 |     15 |      0 |     12 |   1 |   47.0 |
               +--------+--------+--------+--------+--------+-----+--------+

Top non-repeatable levels by time:
     D:1: 47 daAuts
